 Dungeon Crawl Stone Soup version 0.28.0-1-gb440e238dd (webtiles) character file.

Game seed: 10478401855202178567

817 zeram the Covert (level 7, -3/45 HPs)
             Began as an Octopode Brigand on Feb 23, 2022.
             Was a Follower of Dithmenos.
             Slain by Pikel (18 damage)
             ... on level 5 of the Dungeon.
             The game lasted 00:05:45 (3692 turns).

zeram the Covert (Octopode Brigand)                 Turns: 3692, Time: 00:05:46

Health: -3/45      AC:  5    Str: 11    XL:     7   Next: 94%
Magic:  7/7        EV: 13    Int: 15    God:    Dithmenos [*.....]
Gold:   388        SH:  0    Dex: 13    Spells: 6/6 levels left

rFire   . . .      SeeInvis .   e - +3 dagger (speed)
rCold   + . .      Faith    .   (no shield)
rNeg    . . .      Spirit   .   (helmet restricted)
rPois   .          Reflect  .   (no amulet)
rElec   .          Harm     .   f - ring of flight
rCorr   .          Rampage  .   m - +4 ring of protection
Will    .....                   k - ring of protection from cold
Stlth   ++++++....              (no ring)
HPRegen 0.15/turn               (no ring)
MPRegen 0.10/turn               (no ring)
                                (no ring)
                                (no ring)

@: flying, wreathed by umbra
A: almost no armour, amphibious, 8 rings, camouflage 1, gelatinous body 1,
(nimble swimmer 1), tentacles
a: Renounce Religion


You were on level 5 of the Dungeon.
You worshipped Dithmenos.
Dithmenos was aware of your devotion.
You visited 1 branch of the dungeon, and saw 5 of its levels.

You collected 388 gold pieces.

Inventory:

Hand Weapons
 a - a +2 dagger
 e - a +3 dagger of speed (weapon)
Missiles
 b - 14 poisoned darts (quivered)
 c - 2 curare-tipped darts
 h - 5 datura-tipped darts
 p - 8 atropa-tipped darts
Jewellery
 f - a ring of flight (left tentacle)
 k - a ring of protection from cold (on tentacle)
 l - a +6 ring of strength
 m - a +4 ring of protection (right tentacle)
Scrolls
 n - a scroll of teleportation
Potions
 d - a potion of invisibility {unknown}
 g - 3 potions of curing
 i - a potion of heal wounds {unknown}
 j - a potion of flight {unknown}
 o - 4 potions of lignification {unknown}
 q - a potion of ambrosia {unknown}
 r - a potion of cancellation {unknown}
 s - a potion of resistance {unknown}


   Skills:
 - Level 2.0 Fighting
 + Level 4.9 Short Blades
 - Level 2.0 Throwing
 + Level 2.3 Dodging
 + Level 11.2 Stealth


You had 6 spell levels left.
You didn't know any spells.
Your spell library contained the following spells:

 Spells                   Type           Power      Damage    Failure   Level
 Call Canine Familiar     Summ           0%         N/A       63%         3
 Portal Projectile        Hex/Tloc       0%         N/A       63%         3
 Leda's Liquefaction      Hex/Erth       0%         N/A       95%         4


Dungeon Overview and Level Annotations

Branches:
Dungeon (5/15)
 Temple: D:4-7

Altars:
Dithmenos
Fedhas
Gozag
Makhleb
Nemelex Xobeh
Qazlal
Sif Muna
Trog
Xom
Zin
The Shining One

Annotations:
D:5 Pikel


Innate Abilities, Weirdness & Mutations

You cannot wear most types of armour.
You are amphibious.
You can wear up to eight rings at the same time.
Your skin changes colour to match your surroundings (Stealth+).
Your rubbery body absorbs attacks. (AC +1, EV +1)
((You are camouflaged when in or above water. (Stealth+)))
You have tentacles for arms and can constrict up to eight enemies at once.


Message History

Found a hand axe.
There is an open door here.
Found 12 stones.
o - 4 fuming cyan potions (gained 2)
You now have 388 gold pieces (gained 18).
Found 18 sling bullets.
You reach down and open the door.
Pikel and 2 lemures come into view.
Pikel is wielding a +2 whip of electrocution.
Pikel shouts!
The lemure shouts!
You hear a shout!
The lemure shouts!
A lemure comes into view.
Pikel moves out of view.
Found 23 stones.
Pikel hits you with a +2 whip of electrocution!
You are electrocuted!
Found a bone wand.
Found 25 sling bullets.
The lemure shouts!
Something unseen opens the door.
It was a potion of curing.
You feel better.
Pikel hits you with a +2 whip of electrocution!
A lemure comes into view.
You hit Pikel but do no damage. You grab Pikel.
You constrict Pikel, but do no damage. Pikel misses you.
You hit Pikel.
Pikel is lightly wounded.
You constrict Pikel, but do no damage. You hit Pikel but do no damage.
Pikel is lightly wounded.
You constrict Pikel. Pikel closely misses you.
You hit Pikel.
Pikel is lightly wounded.
You constrict Pikel, but do no damage. You hit Pikel but do no damage.
Pikel is lightly wounded.
You constrict Pikel, but do no damage.
Pikel says, "Hell isn't that bad."
Pikel hits you with a +2 whip of electrocution.
You are electrocuted!!
You die...

########## ......./(#........
#........#...5....
#........#..5..... #........#
...... #........' 5... #@# ..####
#K###########'#...
#555..........#... #......
#.............#... #......##
##.............#... #.......#
#..............#... #......#
#(....(5.......#... #......#
#..............#...
######......#+#..####.##..####†..


You could see Pikel and 3 lemures.

Vanquished Creatures
  2 black bears
  2 necrophages (D:5)
  A scorpion (D:4)
  A water moccasin skeleton (D:5)
  A wyvern skeleton (D:5)
  A howler monkey (D:5)
  A bullfrog skeleton (D:4)
  An iguana (D:5)
  A hound zombie (D:5)
  A hound skeleton (D:5)
  A howler monkey zombie (D:5)
  7 adders
  A white imp (D:5)
  An ufetubus (D:5)
  3 worms
  2 dart slugs
  7 orcs
  5 endoplasms
  A giant cockroach (D:3)
  5 goblins (D:2)
  3 hobgoblins
  4 jackals (D:3)
  6 kobolds
  4 quokkas
  7 ball pythons
  2 frilled lizards (D:2)
  4 rats
75 creatures vanquished.

Vanquished Creatures (others)
  An orc wizard (D:4)
1 creature vanquished.

Grand Total: 76 creatures vanquished

Notes
Turn   | Place    | Note
-------+----------+-------------------------------------------
     0 | D:1      | zeram the Octopode Brigand began the quest for the Orb.
     0 | D:1      | Reached XP level 1. HP: 14/14 MP: 1/1
   182 | D:1      | Reached XP level 2. HP: 19/19 MP: 2/2
   687 | D:1      | Reached skill level 6 in Stealth
  1143 | D:2      | Reached XP level 3. HP: 24/24 MP: 3/3
  1453 | D:2      | Reached skill level 7 in Stealth
  1453 | D:2      | Reached XP level 4. HP: 29/29 MP: 4/4
  1831 | D:3      | Found a faded altar of an unknown god.
  2485 | D:4      | Found a shadowy altar of Dithmenos.
  2485 | D:4      | Found a stormy altar of Qazlal.
  2491 | D:4      | Found a shimmering altar of Xom.
  2493 | D:4      | Found a shimmering blue altar of Sif Muna.
  2494 | D:4      | Found a glowing silver altar of Zin.
  2497 | D:4      | Reached XP level 5. HP: 34/34 MP: 5/5
  2502 | D:4      | Found a blossoming altar of Fedhas.
  2503 | D:4      | Found a burning altar of Makhleb.
  2573 | D:4      | Reached skill level 8 in Stealth
  2603 | D:4      | Became a worshipper of Dithmenos the Shadowed
  2865 | D:4      | Reached XP level 6. HP: 39/39 MP: 6/6
  2931 | D:4      | Found a bloodstained altar of Trog.
  2947 | D:4      | Noticed a black bear
  2953 | D:4      | Killed a black bear
  2954 | D:4      | Reached skill level 9 in Stealth
  3110 | D:5      | Entered Level 5 of the Dungeon
  3198 | D:5      | Found a sparkling altar of Nemelex Xobeh.
  3227 | D:5      | Noticed a necrophage
  3235 | D:5      | Killed a necrophage
  3236 | D:5      | Reached XP level 7. HP: 45/45 MP: 7/7
  3258 | D:5      | Reached skill level 10 in Stealth
  3296 | D:5      | Found an opulent altar of Gozag.
  3297 | D:5      | Found a glowing golden altar of the Shining One.
  3548 | D:5      | Reached * piety under Dithmenos
  3585 | D:5      | Reached skill level 11 in Stealth
  3669 | D:5      | Noticed Pikel
  3692 | D:5      | Slain by Pikel

Illustrated notes

Levels and vault maps discovered:
D:1:      nzn_arrival_crosshair, layout_basic
D:2:      layout_loops_ring
D:3:      layout_loops_cross, basic_ecumenical_altar, minmay_misc_feat_tower
D:4:      layout_rooms, mainiacjoe_overflow_boulevard,
          nicolae_overflow_hallway_of_the_gods
D:5:      layout_gridville, mainiacjoe_overflow_surrounded_room,
          mainiacjoe_overflow_alcove_2, jmf_multi_god_temple, uniq_pikel

Skill      XL: |  1  2  3  4  5  6  7 |
---------------+----------------------+-----
Stealth        | 6 7 8 9 11 | 11.2
Short Blades   | 3 4 |  4.9
Dodging        | 2 |  2.3
Fighting       | |  2.0
Throwing       | |  2.0

Action                   |  1- 3 |  4- 6 |  7- 9 || total
-------------------------+-------+-------+-------++-------
Melee: Dagger            |    36 |    89 |    32 ||   157
       Tentacles         |     8 |    20 |     6 ||    34
       Constrict         |     6 |    17 |     4 ||    27
       Punch             |     1 |     2 |       ||     3
  Use: Scroll            |     1 |     3 |       ||     4
       Potion            |       |       |     1 ||     1
 Stab: Sleeping          |    15 |    17 |     6 ||    38
Armor: Skin              |     4 |    11 |     3 ||    18
Dodge: Dodged            |     5 |    23 |    10 ||    38
